 Dungeon Crawl Stone Soup version 0.30.1-11-g7821555f0a (webtiles) character file.

Game seed: 17421034022152834303

3455 Narclithid the Grappler (level 10, -8/81 HPs)
             Began as a Ghoul Monk on Nov 17, 2023.
             Was an Elder of Trog.
             Mangled by Joseph
             ... wielding a +0 quarterstaff
              (12 damage)
             ... on level 9 of the Dungeon.
             The game lasted 00:46:27 (4759 turns).

Narclithid the Grappler (Ghoul Monk)                Turns: 4759, Time: 00:46:27

Health: -8/81      AC: 15    Str: 20    XL:     10   Next: 6%
Magic:  9/9        EV:  7    Int:  5    God:    Trog [****..]
Gold:   436        SH:  0    Dex: 11    Spells: 9/9 levels left

rFire   . . .        C - +5 long sword (freeze)
rCold   + . .        c - orb {light}
rNeg    + + +        i - +3 plate armour
rPois   ∞            (no helmet)
rElec   .            (no cloak)
rCorr   .            (no gloves)
SInv    .            (no boots)
Will    .....        (no amulet) Stlth
                     (no ring)
HPRegen 0.00/turn    (no ring)
MPRegen 0.11/turn

%: no passive effects
@: inhibited regen, glowing
A: claws 1, cold resistance 1, negative energy resistance 3, inhibited
regeneration, torment resistance 2, devour on kill
a: Renounce Religion, Trog's Hand, Brothers in Arms


You were on level 9 of the Dungeon.
You worshipped Trog.
Trog was greatly pleased with you.
You visited 1 branch of the dungeon, and saw 9 of its levels.

You collected 436 gold pieces.

Inventory:

Hand Weapons
 q - a +1 dagger of flaming
 u - a +2 spectral war axe
 y - a +2 whip of flaming
 z - a +1 whip of venom
 B - a +3 flail
 C - a +5 long sword of freezing (weapon)
 D - a +4 battleaxe
Armour
 c - an orb of light (worn)
 i - a +3 plate armour (worn)
Wands
 x - a wand of digging (1)
 A - a wand of flame (24)
Scrolls
 f - 2 scrolls of vulnerability
 h - 3 scrolls of identify
 k - 3 scrolls of teleportation
 l - 3 scrolls of amnesia
 r - a scroll of magic mapping {unknown}
 t - a scroll of enchant weapon
 v - 2 scrolls of noise {unknown}
Potions
 a - 3 potions of lignification
 b - a potion of ambrosia
 d - 3 potions of curing {unknown}
 e - a potion of cancellation {unknown}
 g - a potion of attraction {unknown}
 j - 3 potions of flight
 m - a potion of heal wounds
 n - a potion of might {unknown}
 o - 2 potions of invisibility {unknown}
 p - 3 potions of degeneration {unknown}
 s - 2 potions of mutation {unknown}
 w - 2 potions of brilliance {unknown}


   Skills:
 + Level 5.1 Fighting
 + Level 5.9 Armour
 + Level 4.0 Dodging
 + Level 12.7 Unarmed Combat


You had 9 spell levels left.
You didn't know any spells.
Your spell library contained the following spells:

 Spells                   Type           Power      Damage    Failure   Level
 Summon Hydra             Summ           0%         N/A       100%        7
 Sublimation of Blood     Necr           Unusable   N/A       N/A         2
 Wereblood                Tmut           Unusable   N/A       N/A         2

Dungeon Overview and Level Annotations

Branches:
Dungeon (9/15)             Temple (0/1) D:5
   Lair: D:8-11         Orc: D:9-12

Altars:
Ashenzari
Cheibriados
Fedhas
Kikubaaqudgha
Makhleb
Nemelex Xobeh
Ru
Trog
Vehumet
Xom
Yredelemnul

Shops:
D:5 [   D:8 :

Portals:
Sewer: D:6
Bailey: D:8

Annotations:
D:9 Joseph


Innate Abilities, Weirdness & Mutations

You are immune to poison.
You have sharp fingernails.
Your flesh is cold resistant. (rC+)
You are immune to negative energy. (rN+++)
You do not regenerate when monsters are visible.
You are immune to unholy pain and torment.
You thrive by killing the living.


Message History

You claw the wight!
You destroy the wight!
Trog accepts your kill.
Things that are here:
a +3 flail; a +0 robe
B - a +3 flail
Items here: )) [ †.
Items here: ))) [[[.
C - a +5 long sword of freezing
D - a +4 battleaxe Your +5 long sword of freezing glows with a cold blue light!
C - a +5 long sword of freezing (weapon)
Items here: )) [ †.
Things that are here:
a +0 whip; a gnoll corpse Joseph, a Mercenary comes into view.
He is wielding a +0 quarterstaff and carrying a wand of mindburst (7).
Joseph shouts!
Joseph unwields a +0 quarterstaff.
Joseph wields a +0 sling.
Joseph shoots a sling bullet.
The sling bullet hits you!
* * * LOW HITPOINT WARNING * * *
A shadow comes into view.
The shadow slips into darkness.
The shadow flickers and vanishes!
Deactivating autopickup; reactivate with Ctrl-A.
Joseph zaps a wand.
You struggle to resist.
You hit Joseph. You freeze Joseph.
Joseph is lightly wounded.
Joseph unwields a +0 sling.
Joseph wields a +0 quarterstaff.
Joseph hits you but does no damage.
You hit Joseph. You freeze Joseph.
Joseph is lightly wounded.
Joseph zaps a wand.
You struggle to resist.
Joseph barely misses you.
You slash Joseph! You freeze Joseph.
Joseph is moderately wounded.
Joseph hits you with a +0 quarterstaff!
* * * LOW HITPOINT WARNING * * *
You slash Joseph! You freeze Joseph.
Joseph is heavily wounded.
Joseph hits you with a +0 quarterstaff!
You die...

.###
##....###
....##<.....#
#.........##
##........#
##......##
###.....#
.##......##
.........#
....##.@##
.... ##@# .
##W .# .# ..
.. ##.


You could see Joseph and a shadow (invisible).

Vanquished Creatures
  Pikel (D:7)
  Prince Ribbit (D:7)
  Eustachio (D:5)
  A steam dragon (D:6)
  2 water moccasins
  An orc warrior (D:4)
  2 black bears (D:6)
  2 ice beasts
  A centaur (D:5)
  An ogre (D:7)
  A phantom (D:5)
  2 lemures (D:7)
  The ghost of Drain the Conjurer, an amateur OpCj (D:3)
  A kobold brigand (D:4)
  3 bullfrogs
  A gnoll sergeant (D:9)
  A scorpion (D:6)
  4 wights (D:9)
  A howler monkey (D:5)
  4 hounds
  A jelly (D:3)
  5 orc priests
  4 sleepcaps
  6 orc wizards
  2 iguanas (D:5)
  14 gnolls
  7 adders
  A river rat (D:6)
  3 ufetubi
  26 orcs
  4 endoplasms
  2 giant cockroaches
  4 goblins (D:3)
  5 hobgoblins
  9 kobolds
  6 quokkas
  9 ball pythons
  4 bats
  5 frilled lizards
  11 rats
160 creatures vanquished.

Vanquished Creatures (others)
  A wizard (D:3)
1 creature vanquished.

Grand Total: 161 creatures vanquished

Notes
Turn   | Place    | Note
-------+----------+-------------------------------------------
     0 | D:1      | Narclithid the Ghoul Monk began the quest for the Orb.
     0 | D:1      | Reached XP level 1. HP: 19/19 MP: 0/0
   432 | D:1      | Reached XP level 2. HP: 25/26 MP: 1/1
   670 | D:2      | Reached XP level 3. HP: 25/33 MP: 2/2
   913 | D:3      | Reached skill level 4 in Unarmed Combat
   929 | D:3      | Reached XP level 4. HP: 40/40 MP: 3/3
   969 | D:3      | Found a runed translucent gate.
   969 | D:3      | Found a runed translucent gate.
   970 | D:3      | Found a runed translucent gate.
  1065 | D:3      | Found a bloodstained altar of Trog.
  1067 | D:3      | Noticed a wizard
  1072 | D:3      | Became a worshipper of Trog the Wrathful
  1072 | D:3      | Reached * piety under Trog
  1072 | D:3      | Reached ** piety under Trog
  1072 | D:3      | Killed a wizard
  1158 | D:3      | Found a faded altar of an unknown god.
  1524 | D:3      | Found a sacrificial altar of Ru.
  1595 | D:3      | Noticed Drain's ghost (amateur OpCj)
  1612 | D:3      | Reached skill level 5 in Unarmed Combat
  1612 | D:3      | Reached XP level 5. HP: 32/46 MP: 4/4
  1634 | D:3      | Killed Drain's ghost
  1718 | D:4      | Noticed a kobold brigand
  1729 | D:4      | Killed a kobold brigand
  1730 | D:4      | Reached skill level 1 in Armour
  1730 | D:4      | Reached skill level 6 in Unarmed Combat
  1730 | D:4      | Reached XP level 6. HP: 41/52 MP: 5/5
  1897 | D:4      | Noticed an orc warrior
  1930 | D:4      | Killed an orc warrior
  1931 | D:4      | Reached XP level 7. HP: 4/59 MP: 6/6
  1934 | D:4      | Reached skill level 7 in Unarmed Combat
  2157 | D:4      | Reached *** piety under Trog
  2453 | D:4      | Found a broken altar of Ashenzari.
  2491 | D:5      | Entered Level 5 of the Dungeon
  2491 | D:5      | Noticed Eustachio
  2491 | D:5      | Found Yjuabru's Antique Armour Shop.
  2524 | D:5      | Killed Eustachio
  2548 | D:5      | Found a staircase to the Ecumenical Temple.
  2558 | D:5      | Reached skill level 8 in Unarmed Combat
  2558 | D:5      | Reached XP level 8. HP: 63/67 MP: 7/7
  3047 | D:6      | Reached skill level 9 in Unarmed Combat
  3173 | D:6      | Reached skill level 10 in Unarmed Combat
  3197 | D:6      | Reached XP level 9. HP: 36/73 MP: 8/8
  3263 | D:6      | Reached **** piety under Trog
  3383 | D:6      | Found a glowing drain.
  3463 | D:6      | Reached skill level 5 in Armour
  3628 | D:7      | Found a snail-covered altar of Cheibriados.
  3633 | D:7      | Found a basalt altar of Yredelemnul.
  3907 | D:7      | Noticed Pikel
  3925 | D:7      | Killed Pikel
  3926 | D:7      | Reached skill level 5 in Fighting
  3926 | D:7      | Reached skill level 11 in Unarmed Combat
  4173 | D:7      | Noticed Prince Ribbit
  4189 | D:7      | Killed Prince Ribbit
  4214 | D:7      | Found a shimmering altar of Xom.
  4216 | D:7      | Found a sparkling altar of Nemelex Xobeh.
  4216 | D:7      | Found a basalt altar of Yredelemnul.
  4218 | D:7      | Found an opulent altar of Gozag.
  4218 | D:7      | Found an ancient bone altar of Kikubaaqudgha.
  4218 | D:7      | Found a blossoming altar of Fedhas.
  4281 | D:7      | Found a burning altar of Makhleb.
  4325 | D:7      | Reached skill level 12 in Unarmed Combat
  4490 | D:8      | Found Mofocuysch's Vocational Training.
  4516 | D:8      | Found a flagged portal.
  4661 | D:8      | Found a radiant altar of Vehumet.
  4717 | D:9      | Reached XP level 10. HP: 44/81 MP: 9/9
  4751 | D:9      | Noticed Joseph
  4758 | D:9      | HP: 4/81 [Joseph/+0 quarterstaff (14)]
  4759 | D:9      | Mangled by Joseph

Illustrated notes

Levels and vault maps discovered:
D:1:      nicolae_arrival_memento_mori, layout_basic, serial_forest,
          infiniplex_forest_lined_3_way, infiniplex_forest_lined_ring,
          infiniplex_forest_straight_4, infiniplex_forest_clump_diagonal,
          infiniplex_forest_straight_5
D:2:      layout_basic, kennysheep_generic_room_6
D:3:      layout_loops_ring, trog_wizard, nicolae_ru_the_path_less_chosen,
          nicolae_ecumenical_lake_church, gammafunk_ghost_split,
          nicolae_figureground_pulse
D:4:      cheibrodos_barr_body, layout_basic, ashenzari_altar_1,
          mainiacjoe_overflow_boulevard, minmay_stone_trees_small,
          chequers_mini_garden
D:5:      lemuel_ice_spiral_2, layout_rooms, temple_pool_b, serial_shops, shop,
          kennysheep_another_room, uniq_eustachio
D:6:      layout_loops_ring, okawaru_altar_gauntlet_db, gup_sewer_entry_bubbles,
          serial_bayou_ford_a, minmay_misc_feat_doors
D:7:      layout_loops_corners, grunt_temple_overflow_open, doesnt_xom_only_xom,
          overflow_temple_1_default, uniq_prince_ribbit1, uniq_pikel
D:8:      layout_cave_pools, vehumet_altar_wand_db, enter_bailey_6,
          nicolae_shop_vocational
D:9:      layout_layer_cave, orc_0_dummy, serial_shops,
          nicolae_shop_gaudy_bauble, kennysheep_generic_room_14, uniq_maurice,
          uniq_joseph

Skill      XL: |  1  2  3  4  5  6  7  8  9 |
---------------+----------------------------+-----
Dodging        | 3 4 |  4.0
Unarmed Combat | 4 5 6 8 10 12 | 12.7
Fighting       | 4 5 |  5.1
Armour         | 1 2 3 4 5 |  5.9

Action                     |  1- 3 |  4- 6 |  7- 9 | 10-12 || total
---------------------------+-------+-------+-------+-------++-------
  Melee: Unarmed           |    83 |   118 |   333 |    13 ||   547
         Long sword        |       |       |       |     4 ||     4
    Use: Potion            |       |     3 |       |     2 ||     5
         Scroll            |       |       |     7 |       ||     7
 Armour: Robe              |     4 |       |       |       ||     4
         Plate armour      |    37 |   106 |   197 |     4 ||   344
  Dodge: Dodged            |    36 |    43 |   125 |    11 ||   215
